Map: Dusk Towers

Players

Miszu - Winner!

  • Race: Terran Terran
  • League: Master

Multi

  • Race: Protoss Protoss
  • League: Master

VOD

Have the link to the VOD?

Description

Time

  • Played on: March 16, 2016, 3:01 p.m.
  • Length: 10:57
Show
View Real Time Build Order
Export as new Build Order

Miszu Terran - Winner!

Build Orders: Command Center First (CC), MMM Bio 

Get SALT Encoding   

  12  0:00  SCV  
  13  0:12  SCV  
  14  0:17  Supply Depot  
  14  0:25  SCV  
  15  0:38  SCV  
  16  0:50  SCV  
  17  0:59  Command Center  
  17  1:03  SCV  
  18  1:15  SCV  
  18  1:16  Barracks  
  19  1:27  SCV  
  19  1:28  Barracks  
  20  1:39  SCV  
  21  1:41  Barracks  
  21  1:51  SCV  
  22  2:04  Marine, Orbital Command  
  23  2:11  Orbital Command  
  23  2:15  Marine  
  23  2:22  Marine  
  25  2:29  SCV  
  26  2:30  Marine  
  26  2:32  Refinery  
  26  2:33  Refinery, Marine  
  28  2:38  SCV  
  28  2:40  Marine  
  28  2:43  SCV  
  31  2:48  Marine  
  31  2:49  Supply Depot  
  32  2:51  Marine  
  32  2:52  SCV  
  32  2:55  SCV  
  32  2:57  Marine  
  36  3:03  Supply Depot  
  36  3:04  SCV  
  37  3:06  Barracks Tech Lab  
  37  3:07  SCV  
  37  3:11  Marine  
  39  3:15  Marine  
  39  3:16  SCV  
  39  3:19  SCV  
  42  3:25  Marine, Stimpack  
  43  3:29  Marine, SCV  
  43  3:32  SCV  
  43  3:33  Marine  
  47  3:40  Factory  
  47  3:41  SCV  
  47  3:43  Marine, Refinery  
  47  3:44  SCV  
  47  3:46  Marine  
  47  3:47  Engineering Bay  
  51  3:53  SCV  
  53  3:58  Supply Depot  
  53  3:59  Engineering Bay  
  53  4:01  Marine  
  53  4:04  SCV  
  53  4:08  Barracks Tech Lab  
  53  4:09  Barracks Reactor  
  54  4:13  Supply Depot  
  54  4:14  Terran Infantry Weapons Level 1  
  54  4:15  Missile Turret  
  54  4:19  Marine, Missile Turret  
  54  4:20  SCV x2  
  57  4:29  Starport  
  57  4:30  Factory Reactor  
  57  4:32  Marine, SCV  
  57  4:33  SCV  
  60  4:44  SCV  
  62  4:45  SCV  
  62  4:56  SCV  
  62  4:57  SCV  
  64  5:00  Refinery, Command Center  
  64  5:02  Marauder  
  66  5:08  SCV  
  66  5:09  SCV  
  66  5:10  Supply Depot  
  68  5:15  Liberator x2  
  68  5:21  SCV  
  69  5:22  SCV  
  70  5:34  Supply Depot, Barracks  
  70  5:35  Barracks  
  76  5:36  SCV  
  76  5:38  SCV  
  78  5:43  Supply Depot  
  78  5:53  Combat Shields  
  78  5:55  SCV x2  
  78  5:56  Marine, Marauder x2  
  85  5:57  Marine  
  86  6:08  Supply Depot, SCV x2  
  86  6:09  Supply Depot  
  88  6:12  Orbital Command  
  88  6:15  Medivac  
  90  6:19  Marauder  
  90  6:20  Medivac, SCV  
  95  6:28  SCV  
  95  6:29  Terran Infantry Armor Level 1  
  95  6:32  Refinery x2, SCV  
  97  6:35  Barracks Reactor, Barracks Tech Lab, Marauder  
  99  6:40  SCV x2  
  99  6:44  SCV  
  99  6:47  Marauder  
  104  6:49  Medivac  
  104  6:50  Medivac  
  104  6:52  SCV  
  109  6:56  Marine x2, Marauder  
  109  6:57  SCV x2  
  114  7:02  Marauder  
  114  7:04  SCV  
  117  7:09  SCV x2  
  117  7:10  Supply Depot x3, Marauder  
  117  7:11  Concussive Shells  
  117  7:15  Starport, Liberator  
  120  7:17  Fusion Core  
  120  7:18  SCV  
  120  7:21  SCV x2  
  123  7:27  Marauder  
  125  7:31  Marine x2  
  125  7:32  Marauder x2, SCV  
  125  7:35  SCV x2  
  137  7:42  Liberator  
  135  7:47  Marine  
  135  7:48  Marine, Marauder  
  135  7:49  Marine x2  
  140  7:53  Marine x2  
  142  8:00  Starport Tech Lab  
  142  8:01  Supply Depot  
  142  8:04  Supply Depot  
  142  8:05  Supply Depot, Marine x2  
  146  8:07  Marine x2  
  146  8:11  Liberator  
  149  8:18  Marine x2, Liberator  
  149  8:19  Marauder  
  149  8:23  Marine  
  149  8:25  Marine  
  149  8:26  Marine  
  145  8:34  Liberator  
  145  8:36  Advanced Ballistics, Marauder x2  
  145  8:37  Supply Depot  
  145  8:41  Marauder  
  151  8:51  Marine x2  
  151  8:52  Marine x2  
  151  8:54  Liberator  
  158  8:57  Marauder x2  
  158  8:59  Armory  
  158  9:01  Liberator  
  158  9:02  Marauder  
  164  9:08  Command Center  
  164  9:09  Marine  
  165  9:12  Supply Depot  
  165  9:15  Marine x3  
  79  9:17  Liberator  
  171  9:19  Marauder x2  
  171  9:23  Marauder  
  178  9:33  Supply Depot x2  
  178  9:37  Liberator  
  181  9:39  Marine x4  
  181  9:40  Marauder x2  
  181  9:44  Marine  
  181  9:45  Barracks x2  
  190  9:46  Barracks  
  190  9:48  Liberator  
  191  10:06  Marine  
  197  10:07  Marine x3, Marauder  
  158  10:56  Barracks Tech Lab x2  
Show
View Real Time Build Order
Export as new Build Order

Multi Protoss 

Build Orders: 1 Gate Expand, Blink Stalkers 

Get SALT Encoding   

  12  0:03  Probe (Chrono Boost)  
  14  0:14  Probe (Chrono Boost)  
  14  0:18  Pylon  
  14  0:24  Probe (Chrono Boost)  
  15  0:37  Gateway, Probe (Chrono Boost)  
  16  0:44  Assimilator  
  16  0:47  Probe (Chrono Boost)  
  17  0:58  Probe (Chrono Boost)  
  18  1:08  Probe (Chrono Boost)  
  19  1:18  Nexus  
  19  1:29  Cybernetics Core  
  20  1:33  Probe (Chrono Boost)  
  20  1:46  Probe (Chrono Boost)  
  21  1:48  Assimilator  
  21  1:51  Pylon  
  21  1:56  Probe (Chrono Boost)  
  22  2:07  Warp Gate, Probe (Chrono Boost)  
  23  2:10  Adept  
  25  2:18  Probe (Chrono Boost)  
  26  2:27  Robotics Facility  
  26  2:29  Probe (Chrono Boost)  
  27  2:30  Probe (Chrono Boost)  
  28  2:39  Adept  
  28  2:40  Probe (Chrono Boost)  
  28  2:41  Probe (Chrono Boost)  
  34  2:51  Mothership Core (Chrono Boost), Probe (Chrono Boost)  
  34  2:54  Pylon  
  35  3:02  Probe (Chrono Boost)  
  36  3:09  Probe (Chrono Boost)  
  36  3:11  Probe (Chrono Boost)  
  38  3:15  Observer (Chrono Boost)  
  39  3:21  Probe x2  
  39  3:24  Twilight Council  
  41  3:27  Adept  
  41  3:33  Probe x2 (Chrono Boost)  
  45  3:39  Nexus  
  45  3:44  Probe x2 (Chrono Boost)  
  45  3:48  Pylon  
  47  3:51  Assimilator  
  47  3:54  Blink (Chrono Boost), Assimilator  
  47  3:55  Probe (Chrono Boost)  
  48  3:56  Probe (Chrono Boost)  
  49  4:05  Probe  
  49  4:07  Probe  
  51  4:10  Gateway  
  51  4:12  Sentry  
  51  4:16  Probe  
  53  4:19  Gateway  
  53  4:21  Probe  
  55  4:26  Pylon, Probe  
  56  4:32  Observer  
  56  4:33  Probe  
  56  4:36  Stalker  
  56  4:37  Probe  
  61  4:45  Probe  
  61  4:48  Probe  
  61  4:52  Probe  
  62  4:56  Observer (Chrono Boost)  
  62  4:57  Probe  
  65  5:00  Stalker, Probe  
  65  5:02  Probe  
  69  5:10  Probe  
  69  5:12  Probe  
  69  5:13  Probe  
  71  5:15  Gateway  
  71  5:17  Gateway, Stalker  
  71  5:19  Gateway, Sentry  
  76  5:22  Pylon, Probe  
  76  5:23  Probe  
  76  5:24  Probe  
  76  5:26  Observer (Chrono Boost)  
  80  5:28  Stalker  
  80  5:33  Pylon  
  80  5:34  Probe  
  83  5:36  Probe  
  83  5:38  Resonating Glaives  
  83  5:39  Pylon, Probe  
  83  5:42  Pylon, Stalker  
  87  5:45  Observer (Chrono Boost), Stalker  
  87  5:46  Probe  
  91  5:51  Stalker  
  91  5:55  Probe  
  91  5:56  Probe  
  95  5:58  Assimilator  
  95  5:59  Assimilator  
  95  6:02  Pylon  
  95  6:03  Observer (Chrono Boost)  
  96  6:06  Forge  
  96  6:08  Stalker x2  
  96  6:10  Probe x2  
  96  6:11  Probe  
  103  6:21  Adept x4  
  103  6:22  Observer (Chrono Boost)  
  112  6:29  Protoss Ground Weapons Level 1 (Chrono Boost)  
  112  6:37  Robotics Bay  
  112  6:39  Adept x2  
  116  6:41  Pylon x2  
  116  6:43  Forge  
  116  6:55  Immortal (Chrono Boost)  
  116  6:58  Nexus  
  120  7:16  Adept x4  
  120  7:22  Colossus (Chrono Boost)  
  128  7:26  Extended Thermal Lance (Chrono Boost)  
  128  7:27  Protoss Ground Armor Level 1  
  134  7:32  Pylon  
  134  7:36  Pylon  
  134  7:42  Gateway  
  134  7:46  Adept x3, Gateway  
  134  7:48  Gateway  
  140  7:54  Stalker x3  
  146  8:06  Templar Archives  
  146  8:15  Zealot x3  
  154  8:21  Protoss Ground Weapons Level 2  
  154  8:22  Zealot x3  
  110  8:36  Stalker x3  
  114  8:53  Stalker x5  
  124  8:55  Colossus  
  124  9:03  Nexus  
  124  9:05  Mothership Core  
  124  9:07  Stalker x2  
  124  9:08  Pylon  
  130  9:10  Pylon  
  130  9:11  Probe  
  130  9:13  Pylon, Probe  
  132  9:18  Stalker  
  132  9:22  High Templar x2  
  138  9:50  Pylon  
  138  9:52  Zealot x5  
  142  9:53  Zealot  
  150  10:07  Archon  
  150  10:09  Stalker x3  
  156  10:20  Stalker x4  
  121  10:43  Adept  
  121  10:44  Adept x7  
Tags
 
Add a new tag
Caveats
  • Supply blocks, unpowered buildings, or Contaminate may cause inaccurate times.
  • Supply counts are checked every 10 seconds.